 Dungeon Crawl Stone Soup version 0.23-a0-137-gef0ad6d (webtiles) character file.

12 Amnesiac the Gusty (level 2, 0/19 HPs)
             Began as a Mummy Air Elementalist on Aug 30, 2018.
             Slain by a ball python (1 damage)
             ... on level 3 of the Dungeon.
             The game lasted 00:02:05 (645 turns).

Amnesiac the Gusty (Mummy Air Elementalist)          Turns: 645, Time: 00:02:05

Health: 0/19       AC:  2    Str: 11    XL:     2   Next: 20%
Magic:  4/5        EV: 12    Int: 14    God:
Gold:   51         SH:  0    Dex: 12    Spells: 3/6 levels left

rFire    x . .     SeeInvis .   b - +0 dagger
rCold    + . .     Gourm    .   (no shield)
rNeg     + + +     Faith    .   a - +0 robe
rPois    ∞         Spirit   .   (no helmet)
rElec    .         Reflect  .   (no cloak)
rCorr    .         Harm     .   (no gloves)
MR       .....                  (no boots)
Stlth    ++........             (no amulet)
HPRegen  0.06/turn              (no ring)
MPRegen  0.09/turn              (no ring)

@: no status effects
A: no food or potions, fire vulnerability, cold resistance 1, negative energy
resistance 3, torment resistance, unbreathing
a: no special abilities


You were on level 3 of the Dungeon.
You were not hungry.

You visited 1 branch of the dungeon, and saw 4 of its levels.

You collected 51 gold pieces.

Inventory:

Hand Weapons
 b - a +0 dagger (weapon)
 c - a +0 whip
Missiles
 e - 4 silver tomahawks (quivered)
Armour
 a - a +0 robe (worn)
Scrolls
 d - 2 scrolls of teleportation {!r, unknown}


   Skills:
 - Level 1.5 Dodging
 - Level 1.5 Stealth
 + Level 2.9 Spellcasting
 - Level 0.7 Conjurations
 * Level 3.0 Air Magic


You had 3 spell levels left.
You knew the following spells:

 Your Spells              Type           Power        Failure   Level  Hunger
a - Shock                 Conj/Air       #...         10%         1    N/A
z - Swiftness             Chrm/Air       #.......     19%         2    N/A

Your spell library contained the following spells:

 Spells                   Type           Power        Failure   Level  Hunger
 Static Discharge         Conj/Air       #.......     30%         3    N/A
 Airstrike                Air            ##........   54%         4    N/A
 Lightning Bolt           Conj/Air       #.........   95%         5    N/A

Dungeon Overview and Level Annotations

Branches:
Dungeon (4/15)
 Temple: D:4-7

Altars:
Qazlal
Trog
Uskayaw
Yredelemnul


Innate Abilities, Weirdness & Mutations

You do not eat or drink.
Your flesh is vulnerable to fire.
You are immune to poison.
Your flesh is cold resistant. (rC+)
You are immune to negative energy. (rN+++)
You are immune to unholy pain and torment.
You can survive without breathing.


Message History

Aiming: Shock (safe; 11% risk of failure)
Press: ? - help, Shift-Dir - straight line, f/p - orc
Aim: an orc, wielding a short sword and wearing a leather armour (heavily The zap misses the orc. x2; The orc hits you with a short sword.
* * * LOW HITPOINT WARNING * * *
Unknown command.
Casting: Shock (safe; 11% risk of failure)
Confirm with . or Enter, or press ? or * to list all spells.
You don't have enough magic to cast that spell.
Unknown command.
You see here a silver tomahawk.
e - a silver tomahawk The orc closely misses you.
You see here a silver tomahawk.
Casting: Shock (safe; 11% risk of failure)
Confirm with . or Enter, or press ? or * to list all spells.
Aiming: Shock (safe; 11% risk of failure)
Press: ? - help, Shift-Dir - straight line, f/p - orc
Aim: an orc, wielding a short sword and wearing a leather armour (heavily
Okay, then.
Casting: Shock (safe; 11% risk of failure)
Confirm with . or Enter, or press ? or * to list all spells.
Aiming: Shock (safe; 11% risk of failure)
Press: ? - help, Shift-Dir - straight line, p - orc The zap hits the orc.
You kill the orc!
Your Air Magic skill increases to level 3!
Unknown command.
Things that are here:
a short sword; a leather armour You see here a silver tomahawk.
You hear the brisk rusting of a distant drain.
You see here a silver tomahawk.
e - 2 silver tomahawks (gained 1)
Your magical contamination has completely faded away.
You see here a silver tomahawk.
e - 3 silver tomahawks (gained 1) Autopickup is now on.
Things that are here:
a short sword; a leather armour
e - 4 silver tomahawks (gained 1)
Okay, then.
Found a leather armour and a robe.
You open the door.
Found a stormy altar of Qazlal.
There is an open door here.
There is a stormy altar of Qazlal here.
You open the door.
There is an open door here.
Magic restored.
Found a stone staircase leading up.
There is a stone staircase leading up here.
You climb upwards.
A ball python, an ooze and a dart slug come into view.
The ball python hisses angrily.
The ooze quivers.
A jackal comes into view.
The ooze hits you.
* * * LOW HITPOINT WARNING * * *
The ooze hits you.
* * * LOW HITPOINT WARNING * * *
There is a stone staircase leading down here.
The ooze barely misses you. The ball python bites you.
You die...

#...># .. #...<## .#
#. #...... .# #.
#...... .# ..#
###o..# .#
##.#####.#.# #
##.#.o....#.{.#.#
#.##J...###..#h###..
#..@Sh# #....#.# ###
#..##r..# #..o.# #..
.h.....oh## ....
......#o.h ####.
.#..####.o. #. ###.#
#o.."# #. ...##.....
## ._.h...###.
#.r>.#.#


You could see an ooze, an orc, 2 jackals, a ball python and a rat.

Vanquished Creatures
  A leopard gecko (D:1)
  An orc (D:4)
  2 bats (D:3)
  2 hobgoblins
  A jackal (D:4)
  A frilled lizard (D:1)
  A rat (D:1)
9 creatures vanquished.

Notes
Turn   | Place    | Note
-------+----------+-------------------------------------------
     0 | D:1      | Amnesiac the Mummy Air Elementalist began the quest for the
                  | Orb.
     0 | D:1      | Reached XP level 1. HP: 13/13 MP: 4/4
   181 | D:3      | Found a hide-covered altar of Uskayaw.
   182 | D:3      | Found a basalt altar of Yredelemnul.
   302 | D:3      | Reached XP level 2. HP: 16/19 MP: 2/5
   306 | D:3      | Learned a level 2 spell: Swiftness
   387 | D:3      | Found a bloodstained altar of Trog.
   603 | D:4      | Reached skill level 3 in Air Magic
   625 | D:4      | Found a stormy altar of Qazlal.
   645 | D:3      | Slain by a ball python

Vault maps used:
D:1:      wheals_arrival_shading, kennysheep_boxes
D:2:      grunt_decor_resistance, minmay_octomino_e4, uniq_robin
D:3:      amethyst_overflow_temple_binary, serial_corexii_hall,
          corexii_hall_statues_x, corexii_hall_statues_l,
          corexii_hall_statues_i, corexii_hall_statues_i,
          trog_three_pillars_becter
D:4:      lemuel_doored_altar, portal_sewer_entry_f, uniq_blork_the_orc

Skill      XL: |  1  2 |
---------------+-------+-----
Air Magic      | 3 |  3.0
Dodging        | |  1.5
Stealth        | |  1.5
Spellcasting   | |  2.9
Conjurations   | |  0.7

Action                   || total
-------------------------++-------
Melee: Dagger            ||     4
 Cast: Shock             ||    18
Armor: Robe              ||    10
Dodge: Dodged            ||    22

Table legend:
 A = Non-vault XP
 B = Vault XP
 C = Vault XP percentage of total XP
 D = Non-vault monster count
 E = Vault monster count
 F = Vault count percentage of total count
                 A         B        C        D         E       F
            +---------+---------+-------+---------+---------+-------
      Total |      18 |       0 |   0.0 |       9 |       0 |   0.0
            +---------+---------+-------+---------+---------+-------
        D:1 |       7 |       0 |   0.0 |       4 |       0 |   0.0
        D:3 |       6 |       0 |   0.0 |       3 |       0 |   0.0
        D:4 |       5 |       0 |   0.0 |       2 |       0 |   0.0
            +---------+---------+-------+---------+---------+-------
